 Dungeon Crawl Stone Soup version 0.22.1-1-ga44c0e5 (webtiles) character file.

448 Iscandelvey the Conjurer (level 6, -8/46 HPs)
             Began as a Demigod Conjurer on Sept 29, 2018.
             Mangled by a two-headed ogre
             ... wielding a +0 giant club
              (13 damage)
             ... on level 5 of the Dungeon.
             The game lasted 00:14:30 (4222 turns).

Iscandelvey the Conjurer (Demigod Conjurer)         Turns: 4222, Time: 00:14:34

Health: -8/46      AC:  9    Str: 11    XL:     6   Next: 45%
Magic:  5/22       EV: 12    Int: 23    God:
Gold:   200        SH:  3    Dex: 16    Spells: 5/11 levels left

rFire    . . .     SeeInvis .   b - +0 falchion
rCold    . . .     Gourm    .   (no shield)
rNeg     . . .     Faith    .   z - +3 leather armour
rPois    +         Spirit   .   h - +0 helmet
rElec    .         Reflect  +   m - +0 cloak
rCorr    .         Harm     .   (no gloves)
MR       .....                  x - +0 pair of boots
Stlth    ++........             y - +3 amulet of reflection
HPRegen  0.15/turn              g - ring of magical power
MPRegen  0.18/turn              i - ring of poison resistance

@: no status effects
A: high mp 1
a: no special abilities


You were on level 5 of the Dungeon.
You were hungry.

You visited 1 branch of the dungeon, and saw 5 of its levels.

You collected 200 gold pieces.

Inventory:

Hand Weapons
 b - a +0 falchion (weapon)
 l - a +4 quarterstaff of chaos
Armour
 a - a +0 robe
 h - a +0 helmet (worn)
 m - a +0 cloak (worn)
 x - a +0 pair of boots (worn)
 z - a +3 leather armour (worn)
Jewellery
 g - a ring of magical power (left hand)
 i - a ring of poison resistance (right hand)
 y - a +3 amulet of reflection (around neck)
Scrolls
 k - 2 scrolls of remove curse {unknown}
 n - a scroll of amnesia {unknown}
 q - 2 scrolls of fog {unknown}
 r - 5 scrolls of identify {unknown}
 t - 3 scrolls of noise {unknown}
 u - a scroll of teleportation {unknown}
 v - a scroll of immolation {unknown}
 A - a scroll of fear {unknown}
 B - a scroll of magic mapping {unknown}
Potions
 d - 4 potions of haste {unknown}
 e - a potion of might {unknown}
 f - 2 potions of invisibility {unknown}
 j - a potion of agility {unknown}
 o - a potion of degeneration {unknown}
 p - 2 potions of lignification {unknown}
 s - a potion of ambrosia {unknown}
 w - a potion of resistance {unknown}
Comestibles
 c - 8 rations


   Skills:
 - Level 0.4 Fighting
 - Level 2.1 Long Blades
 + Level 1.9 Armour
 + Level 2.0 Dodging
 - Level 2.7 Stealth
 * Level 3.2 Spellcasting
 * Level 5.3 Conjurations


You had 5 spell levels left.
You knew the following spells:

 Your Spells              Type           Power        Failure   Level  Hunger
a - Magic Dart            Conj           ####         1%          1    None
b - Searing Ray           Conj           ####..       2%          2    ##.....
c - Dazzling Spray        Conj/Hex       ###...       16%         3    ###....

Your spell library contained the following spells:

 Spells                   Type           Power        Failure   Level  Hunger
 Flame Tongue             Conj/Fire      ###..        4%          1    None
 Summon Small Mammal      Summ           #...         16%         1    None
 Iskenderun's Mystic Bla  Conj           ####....     17%         4    ####...
 Call Imp                 Summ           #.......     22%         2    ##.....
 Call Canine Familiar     Summ           #.......     41%         3    ###....
 Summon Guardian Golem    Hex/Summ       #.......     41%         3    ###....
 Force Lance              Conj/Tloc      ###.....     45%         4    ####...
 Fulminant Prism          Conj/Hex       ###.......   45%         4    ####...
 Cause Fear               Hex            #.........   83%         4    ####...
 Summon Ice Beast         Ice/Summ       #.......     83%         4    ####...
 Summon Lightning Spire   Summ/Air       #.......     83%         4    ####...
 Bolt of Fire             Conj/Fire      ###.......   100%        6    #######
 Dragon Form              Tmut           #.........   100%        7    #######
 Dragon's Call            Summ           #.........   100%        9    #######


Dungeon Overview and Level Annotations

Branches:
Dungeon (5/15)
 Temple: D:4-7


Innate Abilities, Weirdness & Mutations

You have an increased reservoir of magic. (+10% MP)


Message History

Press: ? - help, Shift-Dir - straight line, f/p - two-headed ogre
Aim: a two-headed ogre, wielding a giant club and a dire flail (heavily The spray of energy hits the two-headed ogre.
The two-headed ogre is severely wounded.
The two-headed ogre barely misses you.
You riposte.
You hit the two-headed ogre but do no damage.
The two-headed ogre is severely wounded.
The two-headed ogre hits you with a dire flail!
Casting: Dazzling Spray (safe; 16% risk of failure)
Confirm with . or Enter, or press ? or * to list all spells.
Aiming: Dazzling Spray (safe; 16% risk of failure)
Press: ? - help, Shift-Dir - straight line, f/p - two-headed ogre
Aim: a two-headed ogre, wielding a giant club and a dire flail (severely The spray of energy hits the two-headed ogre.
The two-headed ogre is severely wounded.
You are feeling hungry.
The two-headed ogre hits you with a giant club!
* * * LOW HITPOINT WARNING * * *
The two-headed ogre hits you with a dire flail!
You die...

#........###..........###
#..........'_#.........##
.....###....###........##
....# ###.............#
...# ##............# ...
##......(....# ..
##...........#
##........... ##@...###
#.O.....# #.........#
...........#
#...........#
#.............#
..............#
...............


You could see a two-headed ogre.

Vanquished Creatures
  Sigmund (D:4)
  A hound (D:4)
  An orc priest (D:4)
  Crazy Yiuf (D:2)
  A centaur skeleton (D:4)
  3 worker ants
  A hound skeleton (D:4)
  An adder (D:2)
  An ooze (D:1)
  An adder skeleton (D:4)
  3 worms
  2 dart slugs
  2 leopard geckos
  3 orcs
  A ball python (D:2)
  4 bats
  3 giant cockroaches
  9 goblins
  6 hobgoblins
  A quokka (D:4)
  3 frilled lizards
  15 kobolds
  6 rats
70 creatures vanquished.

Notes
Turn   | Place    | Note
-------+----------+-------------------------------------------
     0 | D:1      | Iscandelvey the Demigod Conjurer began the quest for the
                  | Orb.
     0 | D:1      | Reached XP level 1. HP: 14/14 MP: 5/5
   386 | D:1      | Reached skill level 4 in Conjurations
   487 | D:1      | Reached XP level 2. HP: 20/20 MP: 4/7
   597 | D:1      | Found an iron altar of Okawaru.
  1312 | D:2      | Found a burning altar of Makhleb.
  1329 | D:2      | Reached skill level 1 in Long Blades
  1329 | D:2      | Reached XP level 3. HP: 26/26 MP: 8/8
  1485 | D:2      | Learned a level 2 spell: Searing Ray
  1498 | D:2      | Found a basalt altar of Yredelemnul.
  1959 | D:2      | Found a runed door.
  2113 | D:2      | Noticed Crazy Yiuf
  2117 | D:2      | Killed Crazy Yiuf
  2117 | D:2      | Reached XP level 4. HP: 33/33 MP: 10/10
  2236 | D:3      | Found a hide-covered altar of Uskayaw.
  2273 | D:3      | Found a stormy altar of Qazlal.
  2504 | D:3      | Found a faded altar of an unknown god.
  2544 | D:3      | Found a sparkling altar of Nemelex Xobeh.
  2775 | D:3      | Learned a level 3 spell: Dazzling Spray
  2973 | D:4      | Reached skill level 5 in Conjurations
  2973 | D:4      | Reached XP level 5. HP: 38/38 MP: 11/11
  3094 | D:4      | Reached skill level 1 in Armour
  3148 | D:4      | Found a snail-covered altar of Cheibriados.
  3204 | D:4      | Noticed Sigmund
  3209 | D:4      | Killed Sigmund
  3209 | D:4      | Reached XP level 6. HP: 21/46 MP: 13/13
  3987 | D:5      | Entered Level 5 of the Dungeon
  4172 | D:5      | Found a deep blue altar of Sif Muna.
  4211 | D:5      | Noticed a two-headed ogre
  4222 | D:5      | Mangled by a two-headed ogre

Skill      XL: |  1  2  3  4  5  6 |
---------------+-------------------+-----
Conjurations   | 4 5 |  5.3
Long Blades    | 1 2 |  2.1
Spellcasting   | 2 3 |  3.2
Stealth        | 2 |  2.7
Armour         | 1 |  1.9
Dodging        | 2 |  2.0
Fighting       | |  0.4

Action                   |  1- 3 |  4- 6 || total
-------------------------+-------+-------++-------
Melee: Unarmed           |    19 |       ||    19
       Falchion          |    17 |    41 ||    58
 Cast: Magic Dart        |    48 |    39 ||    87
       Searing Ray       |     6 |    12 ||    18
       Dazzling Spray    |       |    10 ||    10
 Stab: Sleeping          |     3 |     2 ||     5
  Eat: Chunk             |     3 |     9 ||    12
Armor: Robe              |     6 |     6 ||    12
Dodge: Dodged            |    23 |    44 ||    67
       Rpst.: Falchion   |     2 |    14 ||    16
